 Dungeon Crawl Stone Soup version 0.22-a0-223-g0f5d773 (webtiles) character file.

223342 Amnesiac the Ruinous (level 18, -2/107 HPs)
             Began as a Deep Elf Conjurer on Feb 18, 2018.
             Was the Champion of Sif Muna.
             Slain by a white ugly thing (9 damage)
             ... on level 3 of the Depths.
             The game lasted 01:47:57 (40767 turns).

Amnesiac the Ruinous (Deep Elf Conjurer)           Turns: 40767, Time: 01:47:58

Health: -2/107     AC: 13    Str:  5    XL:     18   Next: 93%
Magic:  8/54       EV: 19    Int: 32    God:    Sif Muna [******]
Gold:   2043       SH:  7    Dex: 15    Spells: 3/60 levels left

rFire    + . .     SeeInvis +   q - staff of conjuration
rCold    + . .     Gourm    .   B - +2 buckler
rNeg     + . .     Faith    +   y - +2 robe {MR+}
rPois    .         Spirit   .   U - +2 helmet {Int+3}
rElec    +         Reflect  .   V - scarf {rC+ rF+}
rCorr    .         Harm     .   X - +2 pair of gloves
MR       ++...                  O - +2 pair of boots {run}
Stlth    ++........             i - amulet "Tastruvvu" {Faith +Fly rN+}
HPRegen  0.27/turn              u - ring of magical power
MPRegen  0.34/turn              r - ring of wizardry

@: divine energy, deflect missiles, quick
A: hooves 1, see invisible, electricity resistance, wild magic 1
a: Stop Divine Energy, Channel Magic, Forget Spell, Renounce Religion, Evoke
Flight


You were on level 3 of the Depths.
You worshipped Sif Muna.
Sif Muna was exalted by your worship.
You were not hungry.

You visited 5 branches of the dungeon, and saw 24 of its levels.

You collected 3461 gold pieces.
You spent 1418 gold pieces at shops.

Inventory:

Hand Weapons
 b - the +3 Elemental Staff {rElec rF++ rC++ MR++ AC+5}
   (You took it off a deep elf annihilator on level 3 of the Elven Halls)

   It affects your AC (+5).
   It greatly protects you from fire.
   It greatly protects you from cold.
   It insulates you from electricity.
   It affects your resistance to hostile enchantments.
 w - a +5 blowgun
Missiles
 l - 32 poisoned needles
 v - 2 throwing nets (quivered)
 C - 6 needles of confusion
 E - 13 needles of sleeping
 K - 8 needles of frenzy
 L - 5 curare-tipped needles
Armour
 y - a +2 robe of magic resistance (worn)
 B - a +2 buckler (worn)
 D - a +2 pair of boots of flying
 O - a +2 pair of boots of running (worn)
 U - a +2 helmet of intelligence (worn)
 V - a scarf of resistance (worn)
 X - a +2 pair of gloves (worn)
Magical Staves
 a - an uncursed staff of power
 q - an uncursed staff of conjuration (weapon)
 N - an uncursed staff of poison
Jewellery
 i - the amulet "Tastruvvu" (around neck) {Faith +Fly rN+}
   (You found it on level 8 of the Dungeon)

   [amulet of faith]

   It allows you to gain divine favour quickly.
   It protects you from negative energy.
   It lets you fly.
 p - the amulet of Caca Uff {Acrobat rF+ Str+2 SInv}
   (You took it off a deep elf death mage on level 3 of the Elven Halls)

   [amulet of the acrobat]

   It helps you evade while moving and waiting.
   It affects your strength (+2).
   It protects you from fire.
   It lets you see invisible.
 r - a ring of wizardry (right hand)
 u - a ring of magical power (left hand)
 x - an uncursed ring of resist corrosion
 z - an uncursed ring of flight
 G - a +3 ring of intelligence
Wands
 F - a wand of acid (6)
Scrolls
 c - 9 scrolls of remove curse {!r}
 d - 2 scrolls of teleportation {!r}
 e - a scroll of holy word {!r}
 k - a scroll of vulnerability {!r}
 n - 5 scrolls of amnesia {!r}
 H - 3 scrolls of enchant armour {!r}
 I - a scroll of enchant weapon {!r}
 J - 3 scrolls of magic mapping {!r}
 P - 4 scrolls of identify {!r}
 R - 3 scrolls of noise {!r}
Potions
 f - 4 potions of curing {!q}
 g - 2 potions of berserk rage {!q}
 h - 2 potions of magic {!q}
 m - 8 potions of mutation {!q}
 o - 6 potions of haste {!q}
 s - 3 potions of might {!q}
 t - 2 potions of brilliance {!q}
 A - 3 potions of flight {!q}
Comestibles
 Q - 14 rations


   Skills:
 - Level 10.0 Fighting
 - Level 10.0 Dodging
 - Level 2.4 Stealth
 - Level 4.0 Shields
 + Level 21.6 Spellcasting
 - Level 23.0 Conjurations
 - Level 6.0 Charms
 - Level 13.5 Translocations
 - Level 1.0 Ice Magic
 - Level 2.5 Air Magic
 - Level 8.5 Invocations


You had 3 spell levels left.
You knew the following spells:

 Your Spells              Type           Power        Failure   Level  Hunger
a - Force Lance           Conj/Tloc      ########     1%          4    None
b - Irradiate             Conj/Tmut      ########..   1%          5    None
c - Spellforged Servitor  Conj/Summ      ########..   4%          7    #......
d - Orb of Destruction    Conj           #########.   1%          7    #......
e - Poisonous Vapours     Pois/Air       ######       1%          2    None
f - Airstrike             Air            ######....   2%          4    None
g - Summon Butterflies    Summ           #####...     1%          1    None
h - Iskenderun's Mystic   Conj           ########     1%          4    None
i - Fire Storm            Conj/Fire      ########..   93%         9    ######.
r - Regeneration          Chrm/Necr      ######....   1%          3    None
v - Blink                 Tloc           N/A          1%          2    None
w - Deflect Missiles      Chrm/Air       ######....   13%         6    None
z - Ozocubu's Armour      Chrm/Ice       ######..     1%          3    None


Dungeon Overview and Level Annotations

Branches:
Dungeon (15/15)            Temple (1/1) D:7            Lair (0/6) D:10
    Orc (2/2) D:11            Elf (3/3) Orc:2        Vaults (0/5) D:14
 Depths (3/5) D:15

Altars:
Ashenzari
Cheibriados
Dithmenos
Elyvilon
Fedhas
Gozag
Hepliaklqana
Kikubaaqudgha
Makhleb
Okawaru
Qazlal
Ru
Sif Muna
Vehumet
Wu Jian
Xom
Yredelemnul
The Shining One
Beogh

Shops:
D:4 *   D:8 (%[!   D:9 =   Orc:2 =[**   Elf:1 (%:   Elf:2 [}=:(   Depths:2 [

Portals:
Hell: Depths:1 Depths:2
Abyss: Depths:2
Ziggurat: Depths:1
Bazaar: Elf:3

Annotations:
Depths:1 exclusions: eye of draining, floating eye, shining eye and 1 more exclusion


Innate Abilities, Weirdness & Mutations

You have large cloven feet.
You have supernaturally acute eyesight. (SInv)
You are resistant to electric shocks. (rElec)
Your spells are a little harder to cast, but a little more powerful.


Message History

Unknown command.
Casting: Orb of Destruction (safe; 1% risk of failure)
Confirm with . or Enter, or press ? or * to list all spells.
Aiming: Force Lance (safe; 1% risk of failure)
Press: ? - help, Shift-Dir - straight line, f/p - cyan very ugly thing
Aim: a cyan very ugly thing (moderately wounded, berserk, fast, unusually strong)
You feel a surge of power!
The lance of force hits the cyan very ugly thing.
The cyan very ugly thing is moderately wounded.
The cyan very ugly thing is knocked back by the lance of force.
Unknown command.
Casting: Force Lance (safe; 1% risk of failure)
Confirm with . or Enter, or press ? or * to list all spells.
Aiming: Orb of Destruction (safe; 1% risk of failure)
Press: ? - help, Shift-Dir - straight line, f/p - cyan very ugly thing
Aim: a cyan very ugly thing (moderately wounded, berserk, fast, unusually strong)
You feel a surge of power!
The wavering orb of destruction hits the cyan very ugly thing.
The cyan very ugly thing is heavily wounded.
Unknown command.
Casting: Orb of Destruction (safe; 1% risk of failure)
Confirm with . or Enter, or press ? or * to list all spells.
Aiming: Orb of Destruction (safe; 1% risk of failure)
Press: ? - help, Shift-Dir - straight line, f/p - cyan very ugly thing
Aim: a cyan very ugly thing (heavily wounded, berserk, fast, unusually strong)
You feel a surge of power!
You block the cyan very ugly thing's attack.
Unknown command.
Casting: Orb of Destruction (safe; 1% risk of failure)
Confirm with . or Enter, or press ? or * to list all spells.
Aiming: Force Lance (safe; 1% risk of failure)
Press: ? - help, Shift-Dir - straight line, f/p - cyan very ugly thing
Aim: a cyan very ugly thing (heavily wounded, berserk, fast, unusually strong)
You feel a surge of power!
The lance of force hits the cyan very ugly thing.
The cyan very ugly thing is severely wounded.
The cyan very ugly thing is knocked back by the lance of force.
The cyan very ugly thing slams into the rock wall!
The cyan very ugly thing pecks you!!
* * * LOW HITPOINT WARNING * * *
The cyan very ugly thing shocks you. You resist.
* * * LOW HITPOINT WARNING * * *
An elephant comes into view.
Unknown command.
The cyan very ugly thing pecks you!!
* * * LOW HITPOINT WARNING * * *
The cyan very ugly thing shocks you! You resist.
* * * LOW HITPOINT WARNING * * *
Okay, then.
Okay, then.
Okay, then.
Casting: Force Lance (safe; 1% risk of failure)
Confirm with . or Enter, or press ? or * to list all spells.
Okay, then.
Unknown command.
Okay, then.
Okay, then.
Unknown command.
Unknown command.
Unknown command.
The white ugly thing pecks you!
* * * LOW HITPOINT WARNING * * *
The white ugly thing freezes you! You resist.
You die...

#.......#
##.....##
##...## ##.##
#.# #.##
#..## #...##
##%@)##
##uu.##
##%.%##
##...# ##%.##
##§.## ##%.##
##..#########
##..Y..§u§..


You could see a cyan very ugly thing (berserk) and a white ugly thing.

Vanquished Creatures
  A golden dragon (Depths:2)
  A lich (Depths:2)
  3 deep elf master archers (Elf:3)
  2 deep elf blademasters
  Gastronok (D:10)
  A tengu reaver (Depths:2)
  3 fire giants
  The ghost of Amnesiac the Markscentaur, a journeyman CeHu of Okawaru (Depths:2)
  2 frost giants (Depths:2)
  6 deep elf sorcerers (Elf:3)
  5 deep elf elementalists (Elf:3)
  3 stone giants
  15 very ugly things
  The ghost of 4thArraOfDagon the Cleaver, a journeyman OpAM of Wu Jian (Orc:2)
  5 deep elf demonologists (Elf:3)
  The ghost of tilp the Gelid, a journeyman MfIE of Makhleb (Orc:2)
  12 deep elf annihilators
  2 ettins
  A yaktaur captain (Depths:2)
  The ghost of tsouns the Nimble, a journeyman GnWn of Gozag (D:12)
  2 fire dragons (Depths:2)
  2 crystal guardians (Depths:3)
  4 deep elf death magi (Elf:3)
  8 deep elf high priests
  2 great orbs of eyes (Depths:2)
  A hydra (D:15)
  An ice dragon (Depths:2)
  A hydra (shapeshifter) (Depths:2)
  A death knight (D:14)
  4 centaur warriors
  An anaconda (shapeshifter) (Depths:3)
  33 dancing weapons
  3 deep troll shamans
  A deep troll earth mage (Depths:2)
  5 tengu warriors
  30 two-headed ogres
  6 ogre magi
  A sun demon (Depths:1)
  A soul eater (Depths:1)
  An orc high priest (Elf:1)
  A spriggan berserker (Depths:2)
  18 deep elf knights
  Sonja (D:12)
  2 unseen horrors (D:13)
  5 iron trolls
  13 deep trolls
  A shadow demon (Depths:1)
  The ghost of Amnesiac the Destroyer, a novice DECj of Sif Muna (D:9)
  An obsidian statue (Depths:1)
  11 deep elf archers
  A wizard (D:13)
  5 orc knights
  73 deep elf magi
  3 cyclopes
  A manticore (D:15)
  An orc sorcerer (Orc:2)
  42 ugly things
  Joseph (D:8)
  A guardian serpent (shapeshifter) (D:15)
  A centaur zombie (D:15)
  A rust devil (Depths:1)
  2 gargoyles
  2 orange demons (Depths:1)
  3 molten gargoyles (Depths:3)
  9 yaktaurs (Depths:2)
  A komodo dragon (D:12)
  An ice devil (Depths:1)
  2 kobold demonologists
  11 trolls
  2 red devils (Depths:1)
  A merfolk (D:10)
  5 tengu conjurers
  3 wind drakes (Depths:3)
  2 hornets
  A polar bear (D:10)
  A meliai (D:15)
  A queen bee (shapeshifter) (D:15)
  2 hippogriffs
  2 shadows
  11 water elementals
  A vampire (D:14)
  A wraith (D:11)
  12 yaks
  5 fire elementals
  2 basilisks
  A wyvern (D:12)
  2 hungry ghosts
  5 wargs
  Edmund (D:5)
  The ghost of Amnesiac the Conjurer, an amateur DECj (D:3)
  A water moccasin (D:14)
  12 ice beasts
  25 orc warriors
  3 sky beasts
  2 eyes of draining
  2 necrophages
  12 centaurs
  37 ogres
  4 phantoms
  9 bullfrogs
  6 earth elementals
  5 wyvern skeletons
  2 scorpions
  A hornet simulacrum (D:15)
  10 killer bees
  12 wights
  2 howler monkeys (D:10)
  9 electric eels
  14 crimson imps
  5 jellies
  4 quasits
  4 hounds
  6 centaur skeletons
  16 orc wizards
  16 orc priests
  2 bullfrog skeletons
  3 iguanas
  Terence (D:2)
  9 worker ants
  A killer bee zombie (D:10)
  A hound skeleton (D:5)
  A howler monkey zombie (D:9)
  3 gnolls (D:3)
  14 adders
  A howler monkey skeleton (D:10)
  A hound simulacrum (D:10)
  6 shadow imps
  4 white imps (Depths:1)
  A worker ant simulacrum (D:10)
  2 ufetubi (D:10)
  An ooze (D:5)
  An adder zombie (D:8)
  2 adder skeletons
  3 worms
  2 ball lightnings (Depths:3)
  A dart slug (D:1)
  An adder simulacrum (D:10)
  9 leopard geckos
  83 orcs
  3 giant cockroaches
  4 goblins
  5 hobgoblins
  8 jackals
  2 quokkas
  A ball python (D:3)
  4 bats
  4 frilled lizards
  6 kobolds
  6 rats
867 creatures vanquished.

Vanquished Creatures (collateral kills)
  Nessos (D:12)
  A centaur warrior (D:15)
  5 ugly things (D:15)
  2 meliai (D:15)
  A sky beast (D:15)
  An eye of draining (D:15)
  A bullfrog (D:15)
12 creatures vanquished.

Vanquished Creatures (others)
  A fulminant prism (D:15)
  A fungus (Elf:3)
2 creatures vanquished.

Grand Total: 881 creatures vanquished

Notes
Turn   | Place    | Note
-------+----------+-------------------------------------------
     0 | D:1      | Amnesiac the Deep Elf Conjurer began the quest for the Orb.
     0 | D:1      | Reached XP level 1. HP: 10/10 MP: 6/6
   208 | D:1      | Reached XP level 2. HP: 9/15 MP: 6/8
  1082 | D:2      | Noticed Terence
  1094 | D:2      | Killed Terence
  1094 | D:2      | Reached skill level 5 in Conjurations
  1094 | D:2      | Reached XP level 3. HP: 16/19 MP: 8/10
  1768 | D:3      | Reached XP level 4. HP: 16/24 MP: 12/12
  1787 | D:3      | Noticed Amnesiac's ghost (amateur DECj)
  2021 | D:2      | Learned a level 4 spell: Iskenderun's Mystic Blast
  2266 | D:3      | Reached skill level 5 in Spellcasting
  2483 | D:4      | Found Utery's General Store.
  2489 | D:4      | Noticed an ogre
  2503 | D:4      | Killed an ogre
  2503 | D:4      | Reached skill level 6 in Conjurations
  2503 | D:4      | Reached XP level 5. HP: 28/28 MP: 1/15
  2594 | D:4      | Bought a scroll of identify for 20 gold pieces
  2594 | D:4      | Bought a potion of curing for 30 gold pieces
  2765 | D:4      | Noticed an ogre
  2767 | D:4      | Killed an ogre
  2767 | D:4      | Reached XP level 6. HP: 32/32 MP: 7/17
  2974 | D:3      | Killed Amnesiac's ghost
  2974 | D:3      | Reached skill level 7 in Conjurations
  3568 | D:4      | Reached XP level 7. HP: 36/36 MP: 6/20
  4101 | D:5      | Entered Level 5 of the Dungeon
  4274 | D:5      | Found an ornate altar of the Wu Jian Council.
  4715 | D:5      | Noticed Edmund
  4728 | D:5      | Killed Edmund
  4728 | D:5      | Reached skill level 8 in Conjurations
  5358 | D:6      | Reached XP level 8. HP: 42/42 MP: 13/22
  5390 | D:6      | Reached skill level 1 in Fighting
  5397 | D:6      | Reached skill level 9 in Conjurations
  6339 | D:7      | Found a shadowy altar of Dithmenos.
  6345 | D:7      | Reached skill level 1 in Shields
  6744 | D:6      | Reached XP level 9. HP: 49/52 MP: 10/23
  7364 | D:7      | Found a staircase to the Ecumenical Temple.
  7678 | D:8      | Found Sydgh's Armour Boutique.
  7776 | D:8      | Bought a +2 pair of boots of flying for 322 gold pieces
  7797 | D:8      | Reached skill level 5 in Fighting
  7797 | D:8      | Reached skill level 5 in Dodging
  7883 | Temple   | Entered the Ecumenical Temple
  7902 | Temple   | Became a worshipper of Sif Muna the Loreminder
  7979 | D:8      | Found Pumom's Antique Weapon Shoppe.
  8211 | D:8      | Found Umuotox's Food Shoppe.
  8309 | D:8      | Found Siedaf's Distillery.
  8348 | D:8      | Noticed Joseph
  8596 | D:8      | Killed Joseph
  8596 | D:8      | Reached * piety under Sif Muna
  8596 | D:8      | Reached skill level 10 in Conjurations
  8768 | D:8      | Got a glittering steel amulet
  8794 | D:9      | Noticed Amnesiac's ghost (novice DECj)
  8800 | D:9      | Killed Amnesiac's ghost
  8800 | D:9      | Reached XP level 10. HP: 24/59 MP: 1/25
  8808 | D:9      | Noticed a two-headed ogre
  8865 | D:8      | Learned a level 3 spell: Regeneration
  8893 | D:9      | Got a translucent battleaxe
  8919 | D:9      | You are sucked into a shaft!
  8919 | D:10     | Entered Level 10 of the Dungeon
  8925 | D:10     | Reached skill level 10 in Spellcasting
  8948 | D:10     | Noticed a two-headed ogre
  8956 | D:10     | Noticed Gastronok
  8958 | D:10     | Noticed a two-headed ogre
  9055 | D:9      | Reached skill level 11 in Conjurations
  9174 | D:9      | Killed a two-headed ogre
  9174 | D:9      | Reached ** piety under Sif Muna
  9274 | D:9      | Killed a two-headed ogre
  9274 | D:9      | Reached skill level 12 in Conjurations
  9352 | D:9      | Found Uleg's Jewellery Boutique.
  9357 | D:9      | Identified the amulet "Tastruvvu" {Faith +Fly rN+} (You found it on level 8 of the Dungeon)
  9446 | D:9      | Noticed a two-headed ogre
  9453 | D:9      | Killed a two-headed ogre
  9453 | D:9      | Reached *** piety under Sif Muna
  9712 | D:8      | Bought a +2 helmet for 247 gold pieces
  9762 | D:10     | Noticed a gargoyle
  9766 | D:10     | Killed a gargoyle
  9818 | D:10     | Reached XP level 11. HP: 51/63 MP: 0/28
  9836 | D:10     | Found a blossoming altar of Fedhas.
  9859 | D:10     | Reached skill level 13 in Conjurations
 10030 | D:10     | Found a staircase to the Lair.
 10088 | D:10     | Learned a level 4 spell: Fulminant Prism
 10421 | D:10     | Killed a two-headed ogre
 10866 | D:10     | Identified a +1 pair of boots of running (You found it on level 10 of the Dungeon)
 10936 | D:10     | Reached **** piety under Sif Muna
 11196 | D:10     | Killed Gastronok
 11232 | D:10     | Found a staircase to the Lair.
 11592 | D:10     | Found a blossoming altar of Fedhas.
 12127 | D:11     | Noticed a two-headed ogre
 12133 | D:11     | Killed a two-headed ogre
 12189 | D:11     | Found a roughly hewn altar of Beogh.
 12189 | D:11     | Found a staircase to the Orcish Mines.
 12190 | D:11     | Noticed an orc knight
 12531 | D:11     | Reached XP level 12. HP: 58/73 MP: 0/30
 13189 | D:11     | Found a runed door.
 13391 | D:11     | Reached ***** piety under Sif Muna
 13399 | D:11     | Found a roughly hewn altar of Beogh.
 13474 | D:12     | Noticed Sonja
 13480 | D:12     | Killed Sonja
 13480 | D:12     | Identified Sif Muna's Handbook of Glacial Conjuration (Sif Muna gifted it to you on level 12 of the Dungeon)
 13480 | D:12     | Received a gift from Sif Muna
 13491 | D:12     | Learned a level 6 spell: Bolt of Cold
 13533 | D:12     | Learned a level 7 spell: Spellforged Servitor
 13673 | D:12     | You fall through a shaft for 3 floors!
 13673 | D:15     | Entered Level 15 of the Dungeon
 14159 | D:15     | Reached skill level 14 in Conjurations
 14161 | D:15     | Noticed a centaur warrior
 14170 | D:15     | Killed a centaur warrior
 14350 | D:15     | Noticed a fire giant
 14353 | D:15     | Noticed a two-headed ogre
 14394 | D:15     | Killed a two-headed ogre
 14411 | D:14     | Noticed a death knight
 14627 | D:12     | Found a sacrificial altar of Ru.
 14637 | D:12     | Noticed a two-headed ogre
 14652 | D:12     | Killed a two-headed ogre
 14656 | D:12     | Noticed Nessos
 14671 | D:12     | Killed Nessos
 14736 | D:12     | Noticed tsouns's ghost (journeyman GnWn)
 14887 | D:13     | Identified Sif Muna's Guide on Mutagenic Black Secrets (Sif Muna gifted it to you on level 13 of the Dungeon)
 14887 | D:13     | Received a gift from Sif Muna
 14889 | D:13     | Reached skill level 15 in Conjurations
 15692 | D:12     | Reached XP level 13. HP: 78/78 MP: 2/33
 15992 | D:12     | Killed tsouns's ghost
 16911 | D:13     | Reached skill level 15 in Spellcasting
 17428 | D:14     | Reached skill level 16 in Conjurations
 18282 | D:14     | Identified Sif Muna's Catalogue of the Birds (Sif Muna gifted it to you on level 14 of the Dungeon)
 18282 | D:14     | Received a gift from Sif Muna
 19409 | D:14     | Found a gate to the Vaults.
 19642 | D:14     | Found an opulent altar of Gozag.
 20240 | Orc:1    | Entered Level 1 of the Orcish Mines
 20248 | D:11     | Reached skill level 17 in Conjurations
 20267 | D:11     | Learned a level 5 spell: Irradiate
 20999 | Orc:1    | Found a roughly hewn altar of Beogh.
 21186 | Orc:2    | Entered Level 2 of the Orcish Mines
 21186 | Orc:2    | Noticed 4thArraOfDagon's ghost (journeyman OpAM)
 21190 | Orc:2    | Killed 4thArraOfDagon's ghost
 21241 | Orc:2    | Noticed tilp's ghost (journeyman MfIE)
 21341 | Orc:2    | Killed tilp's ghost
 21672 | Orc:2    | Found a staircase to the Elven Halls.
 21909 | Orc:2    | Reached XP level 14. HP: 84/84 MP: 0/36
 22412 | Orc:2    | Identified Sif Muna's Tome of Conjuration (Sif Muna gifted it to you on level 2 of the Orcish Mines)
 22412 | Orc:2    | Received a gift from Sif Muna
 22429 | Orc:1    | Learned a level 7 spell: Orb of Destruction
 23068 | Orc:2    | Found Asecs's General Store.
 23068 | Orc:2    | Found Cemnianiat's Antique Armour Emporium.
 23068 | Orc:2    | Found Surepum's Assorted Antiques.
 23068 | Orc:2    | Found Kawn's Jewellery Boutique.
 23517 | Orc:2    | Bought a scroll labeled MAFYORIARA for 24 gold pieces
 23519 | Orc:2    | Bought a glowing buckler for 232 gold pieces
 23542 | Orc:2    | Bought an ominously black robe for 176 gold pieces
 23561 | Orc:2    | Reached skill level 5 in Invocations
 23573 | Orc:2    | Identified the +1 robe of the Engineer {-Cast rF++ rCorr SInv} (You bought it in a shop on level 2 of the Orcish Mines)
 23960 | D:8      | Bought a +2 cloak for 247 gold pieces
 24944 | D:15     | Found a staircase to the Depths.
 25453 | D:15     | Found a deep blue altar of Sif Muna.
 25622 | D:14     | Killed a fire giant
 25726 | Elf:1    | Entered Level 1 of the Elven Halls
 25734 | Orc:2    | Learned a level 2 spell: Poisonous Vapours
 26609 | Elf:1    | Reached XP level 15. HP: 90/90 MP: 27/38
 26652 | Elf:1    | Identified Sif Muna's Reference Book on Enchantment (Sif Muna gifted it to you on level 1 of the Elven Halls)
 26652 | Elf:1    | Received a gift from Sif Muna
 26766 | Elf:1    | Learned a level 4 spell: Airstrike
 27076 | D:8      | Bought a potion of mutation for 120 gold pieces
 27247 | Elf:1    | Found Anoat's Antique Weapon Emporium.
 27313 | Elf:1    | Reached skill level 18 in Conjurations
 28058 | Elf:1    | Found Zat Fant's Food Shoppe.
 28385 | Elf:1    | Identified the Compendium of Attacks
 28402 | Elf:1    | Found a radiant altar of Vehumet.
 28514 | Elf:1    | Found Afuzaf's Book Emporium.
 28582 | Elf:1    | Identified Sif Muna's Compendium of Sinister Rites (Sif Muna gifted it to you on level 1 of the Elven Halls)
 28582 | Elf:1    | Received a gift from Sif Muna
 28878 | Elf:2    | Found Lexzagg's Jewellery Shop.
 28948 | Elf:2    | Reached skill level 19 in Conjurations
 28965 | Elf:2    | Found Juqoclu's Armour Shop.
 29013 | Elf:3    | Identified a paperback manual
 29013 | Elf:3    | Entered Level 3 of the Elven Halls
 29266 | Elf:2    | Found a huge runed gate.
 29266 | Elf:2    | Found a huge runed gate.
 29267 | Elf:2    | Found a huge runed gate.
 29268 | Elf:2    | Found a huge runed gate.
 29289 | Elf:2    | Found a huge runed gate.
 29378 | Elf:2    | Found Xoestue's Gadget Emporium.
 29846 | Elf:2    | Found Yzablix's Book Shoppe.
 30015 | Elf:2    | Found Woariada's Weapon Shoppe.
 30143 | Elf:2    | Noticed a deep elf blademaster
 30149 | Elf:2    | Killed a deep elf blademaster
 30288 | Elf:2    | Reached XP level 16. HP: 96/96 MP: 36/41
 30405 | Elf:2    | Identified Sif Muna's Incunabulum of Earthen Transmutation (Sif Muna gifted it to you on level 2 of the Elven Halls)
 30405 | Elf:2    | Received a gift from Sif Muna
 30664 | Elf:2    | Reached skill level 20 in Conjurations
 31590 | Elf:3    | Found a gateway to a bazaar.
 31735 | Elf:3    | Identified Sif Muna's Handbook of Attacks (Sif Muna gifted it to you on level 3 of the Elven Halls)
 31735 | Elf:3    | Received a gift from Sif Muna
 32388 | Elf:3    | Noticed a Brimstone Fiend
 32390 | Elf:3    | Noticed a Brimstone Fiend
 32502 | Elf:3    | Reached skill level 21 in Conjurations
 32623 | Elf:3    | Reached ****** piety under Sif Muna
 32638 | Elf:3    | Noticed a deep elf master archer
 32648 | Elf:3    | Killed a deep elf master archer
 32712 | Elf:3    | Got a warped steel amulet
 32820 | Elf:3    | Received a gift from Sif Muna
 32826 | Elf:3    | Learned a level 3 spell: Ozocubu's Armour
 32917 | Elf:3    | Identified the amulet of Caca Uff {Acrobat rF+ Str+2 SInv} (You took it off a deep elf death mage on level 3 of the Elven Halls)
 33135 | Elf:3    | Got an encrusted short sword {freeze}
 33136 | Elf:3    | Identified the +6 short sword of Jiyroipu {freeze, rN+} (You took it off a deep elf demonologist on level 3 of the Elven Halls)
 33202 | Elf:3    | Noticed a deep elf master archer
 33211 | Elf:3    | Killed a deep elf master archer
 33211 | Elf:3    | Reached XP level 17. HP: 62/100 MP: 27/43
 33600 | Elf:3    | Noticed a deep elf master archer
 33603 | Elf:3    | Killed a deep elf master archer
 33603 | Elf:3    | Identified Miquppuj's Almanac of Calling and Combat Magic (Sif Muna gifted it to you on level 3 of the Elven Halls)
 33603 | Elf:3    | Received a gift from Sif Muna
 33614 | Elf:3    | Reached skill level 22 in Conjurations
 33852 | Elf:3    | Noticed a deep elf blademaster
 33855 | Elf:3    | Killed a deep elf blademaster
 33981 | Elf:3    | Identified Sif Muna's Disquisition on Necromancy and Enhancements
 34025 | Elf:3    | Got a smoking shortbow
 34462 | Depths:1 | Entered Level 1 of the Depths
 34952 | Depths:1 | Found a gateway to a ziggurat.
 34956 | Depths:1 | Paralysed by a floating eye for 3 turns
 35323 | Depths:1 | Reached skill level 10 in Fighting
 35323 | Depths:1 | Reached skill level 10 in Dodging
 35722 | Depths:1 | Found a glowing golden altar of the Shining One.
 36144 | Depths:1 | Found a gateway to Hell.
 36681 | Depths:2 | Identified Sif Muna's Disquisition on Lucky Evil Magic (Sif Muna gifted it to you on level 2 of the Depths)
 36681 | Depths:2 | Received a gift from Sif Muna
 37062 | Depths:2 | Reached XP level 18. HP: 104/107 MP: 45/45
 37078 | Depths:2 | Reached skill level 23 in Conjurations
 37099 | Depths:2 | Noticed a golden dragon
 37104 | Depths:2 | Killed a golden dragon
 37104 | Depths:2 | Reached skill level 1 in Air Magic
 37116 | Depths:2 | Learned a level 1 spell: Summon Butterflies
 37123 | Depths:2 | Learned a level 6 spell: Deflect Missiles
 37564 | Depths:2 | Reached skill level 5 in Charms
 37619 | Depths:2 | Noticed Amnesiac's ghost (journeyman CeHu)
 37623 | Depths:2 | Killed Amnesiac's ghost
 37649 | Depths:2 | Reached skill level 1 in Ice Magic
 37670 | Depths:1 | Reached skill level 1 in Translocations
 37704 | Depths:1 | Learned a level 4 spell: Force Lance
 37715 | Depths:1 | Learned a level 9 spell: Fire Storm
 37859 | Depths:1 | Identified Sif Muna's Catalogue of Orientation and Evil (Sif Muna gifted it to you on level 1 of the Depths)
 37859 | Depths:1 | Received a gift from Sif Muna
 38048 | Depths:2 | Reached skill level 5 in Translocations
 38270 | Depths:2 | Noticed a lich
 38272 | Depths:2 | Killed a lich
 38507 | Depths:2 | Found Cuzaug Ifa's Antique Armour Emporium.
 38650 | Depths:2 | Reached skill level 10 in Translocations
 38708 | Depths:2 | Identified Sif Muna's Almanac of Damaging Feathers (Sif Muna gifted it to you on level 2 of the Depths)
 38708 | Depths:2 | Received a gift from Sif Muna
 39442 | Depths:2 | Found a stormy altar of Qazlal.
 39498 | Depths:2 | Received a gift from Sif Muna
 39502 | Depths:2 | Learned a level 2 spell: Blink
 39697 | Depths:2 | Found a one-way gate to the infinite horrors of the Abyss.
 40441 | Depths:3 | Gained mutation: Your spells are a little harder to cast, but a little more powerful. [potion of mutation]
 40441 | Depths:3 | Gained mutation: You are resistant to electric shocks. (rElec) [potion of mutation]
 40441 | Depths:3 | Gained mutation: You have supernaturally acute eyesight. (SInv) [potion of mutation]
 40441 | Depths:3 | Gained mutation: You have large cloven feet. [potion of mutation]
 40533 | Depths:3 | Got a crude battleaxe
 40767 | Depths:3 | Slain by a white ugly thing

Vault maps used:
D:1:      saegor_arrival_under_anarchy
D:2:      uniq_terence
D:4:      serial_shops, nicolae_shop_temple_entry_statues_fountains
D:5:      nicolae_overflow_crystal_walls, first_ration,
          minmay_misc_feat_more_columns, uniq_edmund
D:6:      grunt_tough_drop
D:7:      temple_fountains, basic_altar
D:8:      serial_shops, shop_fountains, shop, shop, nicolae_shop_trees,
          uniq_joseph
D:9:      serial_shops, nicolae_shop_trees
D:10:     dpeg_oklobed_lair, serial_ice, serial_ice_o, serial_ice_m,
          serial_ice_f, serial_ice_d, serial_ice_i, serial_ice_c,
          hangedman_fish_farm, fedhas_altar_1, uniq_gastronok
D:11:     david_orc_5, lightli_church_of_beogh
D:12:     serial_column_ruins, column_ruins_square_small, column_ruins_grid_1,
          column_ruins_open_tiny, column_ruins_corridor_corner,
          column_ruins_columns_corner, basic_altar, minmay_misc_feat_roman,
          abandoned_shop, uniq_sonja, uniq_nessos
D:13:     minmay_librarian
D:14:     erik_vaults_1, nicolae_gozag_seed_capital
D:15:     grunt_enter_depths_giant_problem, lemuel_blue_sif_altar
Temple:   compressed_dpeg_triangle_lava_temple
Orc:1:    basic_altar
Orc:2:    st_orc_ogre_mass
Elf:1:    minmay_elf_arrival_summoners, basic_altar, serial_shops,
          nicolae_shop_trees, shop, shop_statue, minmay_elf_annihilation
Elf:2:    serial_shops, shop, shop, nicolae_shop_crystal,
          nicolae_shop_behind_doors, shop, nooodl_food_tri
Elf:3:    nooodl_elf_gasket, serial_shops, statue_bzr, lemuel_flamethrower_3
Depths:1: enter_ziggurat_c, grunt_hell_entry_demonic_statue, tso_metal_star
Depths:2: minmay_diamond_stairs, hell_entry, serial_shops, kennysheep_mini_moat,
          abyss_entry, lemuel_crystal_altar, hangedman_abyss_or_decor_stagger,
          bh_walls_and_bars
Depths:3: radiant_caverns_b_rkd, pan_entry, hell_entry, uniq_asterion,
          uniq_frederick

Skill      XL: |  1  2  3  4  5  6  7  8  9 10 11 12 13 14 15 16 17 18 |
---------------+-------------------------------------------------------+-----
Spellcasting   | 4 5 6 7 8 9 11 12 14 16 17 19 20 21 | 21.6
Conjurations   | 5 6 7 8 9 10 12 13 15 17 19 21 22 23 | 23.0
Fighting       | 3 5 8 9 10 | 10.0
Dodging        | 3 5 7 8 9 10 | 10.0
Shields        | 3 4 |  4.0
Invocations    | 8 |  8.5
Charms         | 6 |  6.0
Air Magic      | 2 |  2.5
Ice Magic      | 1 |  1.0
Translocations | 13 | 13.5
Stealth        | |  2.4

Action                   |  1- 3 |  4- 6 |  7- 9 | 10-12 | 13-15 | 16-18 || total
-------------------------+-------+-------+-------+-------+-------+-------++-------
Melee: Spear             |    62 |    47 |   183 |    97 |       |       ||   389
       Unarmed           |     4 |       |       |       |       |       ||     4
       Staff             |       |       |       |       |    14 |     3 ||    17
 Fire: Blowgun           |       |       |       |       |       |    10 ||    10
Throw: Stone             |       |       |       |       |     1 |       ||     1
 Cast: Magic Dart        |     9 |    21 |       |     1 |       |       ||    31
       Iskenderun's Myst |       |    15 |   125 |   356 |   215 |    57 ||   768
       Bolt of Cold      |       |       |       |     5 |    45 |       ||    50
       Spellforged Servi |       |       |       |     1 |       |     4 ||     5
       Irradiate         |       |       |       |       |    18 |     2 ||    20
       Orb of Destructio |       |       |       |       |   175 |   374 ||   549
       Poisonous Vapours |       |       |       |       |    53 |     3 ||    56
       Fulminant Prism   |       |       |       |       |     1 |       ||     1
       Airstrike         |       |       |       |       |     3 |     7 ||    10
       Force Lance       |       |       |       |       |       |    35 ||    35
       Deflect Missiles  |       |       |       |       |       |     4 ||     4
       Blink             |       |       |       |       |       |     3 ||     3
Invok: Divine Energy     |       |       |     1 |       |       |       ||     1
 Abil: Stop Flying       |       |       |       |     1 |       |       ||     1
  Use: Scroll            |       |    11 |     4 |    11 |    11 |    11 ||    48
       Potion            |       |       |     1 |     9 |     8 |     4 ||    22
 Stab: Sleeping          |     7 |     3 |     5 |       |       |       ||    15
       Distracted        |       |       |     1 |     1 |       |       ||     2
  Eat: Chunk             |     3 |     7 |    14 |    17 |    54 |    31 ||   126
       Ration            |       |       |     2 |     2 |    11 |     8 ||    23
Armor: Robe              |     8 |     3 |    37 |    39 |    26 |     7 ||   120
       Skin              |       |       |     4 |     3 |       |       ||     7
       Leather armour    |       |       |       |       |    40 |     3 ||    43
       Troll leather arm |       |       |       |       |       |    15 ||    15
Dodge: Dodged            |    30 |    18 |   105 |   131 |   155 |    86 ||   525
       Deflected         |       |       |       |       |       |    11 ||    11
Block: Buckler           |       |       |    18 |    32 |    58 |    40 ||   148

Table legend:
 A = Spawn XP
 B = Non-spawn XP
 C = Spawn XP percentage of total XP
 D = Spawn monster count
 E = Non-spawn monster count
 F = Spawn count percentage of total count
 G = Total turns spent on level
                    A         B        C        D         E        F      G
               +---------+---------+-------+---------+---------+-------+---------
         Total |       0 |  370857 |   0.0 |       0 |     879 |   0.0 | 40767
               +---------+---------+-------+---------+---------+-------+---------
           D:1 |       0 |      24 |   0.0 |       0 |      16 |   0.0 |   992
           D:2 |       0 |      62 |   0.0 |       0 |       8 |   0.0 |   861
           D:3 |       0 |     266 |   0.0 |       0 |      25 |   0.0 |  1170
           D:4 |       0 |     528 |   0.0 |       0 |      12 |   0.0 |  1078
           D:5 |       0 |     380 |   0.0 |       0 |       8 |   0.0 |   992
           D:6 |       0 |    1219 |   0.0 |       0 |      33 |   0.0 |  2052
           D:7 |       0 |    1021 |   0.0 |       0 |      16 |   0.0 |   535
           D:8 |       0 |    1868 |   0.0 |       0 |      27 |   0.0 |  1238
           D:9 |       0 |    4487 |   0.0 |       0 |      29 |   0.0 |   916
          D:10 |       0 |    7672 |   0.0 |       0 |      41 |   0.0 |  2098
          D:11 |       0 |    7361 |   0.0 |       0 |      77 |   0.0 |  2828
          D:12 |       0 |    8003 |   0.0 |       0 |      36 |   0.0 |  1434
          D:13 |       0 |    9132 |   0.0 |       0 |      27 |   0.0 |  3003
          D:14 |       0 |   12933 |   0.0 |       0 |      30 |   0.0 |  1798
          D:15 |       0 |   16040 |   0.0 |       0 |      49 |   0.0 |  2146
         Orc:1 |       0 |    2914 |   0.0 |       0 |      28 |   0.0 |   782
         Orc:2 |       0 |   23084 |   0.0 |       0 |      66 |   0.0 |  3205
         Elf:1 |       0 |   35729 |   0.0 |       0 |      61 |   0.0 |  2049
         Elf:2 |       0 |   40298 |   0.0 |       0 |      56 |   0.0 |  2127
         Elf:3 |       0 |   76074 |   0.0 |       0 |      66 |   0.0 |  3358
      Depths:1 |       0 |   32027 |   0.0 |       0 |      56 |   0.0 |  2331
      Depths:2 |       0 |   75492 |   0.0 |       0 |      87 |   0.0 |  2864
      Depths:3 |       0 |   14243 |   0.0 |       0 |      25 |   0.0 |   881
               +---------+---------+-------+---------+---------+-------+---------
